 Dungeon Crawl Stone Soup version 0.31-a0-771-g505c3d19dc (webtiles) character file.

Game seed: 16895689762589867812

2 cforsyth the Sneak (level 1, 0/20 HPs)
             Began as a Djinni Delver on Sept 16, 2023.
             Slain by an orc
             ... wielding a +0 dagger
              (1 damage)
             ... on level 4 of the Dungeon.
             The game lasted 00:00:26 (66 turns).

cforsyth the Sneak (Djinni Delver)                    Turns: 66, Time: 00:00:27

Health: 0/20       AC:  3    Str: 11    XL:     1   Next: 44%
Gold:   0          EV: 12    Int: 11    God:
                   SH:  0    Dex: 14

rFire   + + .        a - +0 falchion
rCold   x . .        (no shield)
rNeg    . . .        b - +0 leather armour
rPois   ∞            (no helmet)
rElec   .            (no cloak)
rCorr   .            (no gloves)
SInv    .            (boots unavailable)
Will    .....        (no amulet)
Stlth   ++           (no ring)
HPRegen 0.23/turn    (no ring)
MPRegen 0.00/turn

%: infuse magic (-1 HP)
@: flying
A: sickness immunity, fire resistance 2, cold vulnerability 1, float, innate
caster, HP casting, extra vitality 1
a: no special abilities


You were on level 4 of the Dungeon.
You visited 1 branch of the dungeon, and saw 2 of its levels.

Inventory:

Hand Weapons
 a - a +0 falchion (weapon)
Armour
 b - a +0 leather armour (worn)
Wands
 g - a wand of digging (3)
Scrolls
 c - a scroll of fog
 d - a scroll of revelation
Potions
 f - a potion of haste


   Skills:
 + Level 3.0 Fighting
 - Level 1.7 Long Blades
 - Level 2.1 Dodging
 - Level 4.1 Stealth
 + Level 0.1 Spellcasting
 + Level 0.1 Conjurations
 + Level 0.1 Hexes
   Level 0.0 Charms
 + Level 0.1 Summonings
 + Level 0.1 Necromancy
 + Level 0.1 Translocations
 + Level 0.1 Transmutations
 + Level 0.1 Fire Magic
 + Level 0.1 Ice Magic
 + Level 0.1 Air Magic
 + Level 0.1 Earth Magic
 + Level 0.1 Poison Magic You didn't know any spells. Your spell library was empty.

Dungeon Overview and Level Annotations

Branches:
Dungeon (5/15)
 Temple: D:4-7

Altars:


Innate Abilities, Weirdness & Mutations

You are immune to sickness and miasma.
You are immune to poison.
Your flesh is very heat resistant. (rF++)
You are vulnerable to cold. (rC-)
You float through the air rather than walking.
You learn spells naturally, not from books.
Your magical power is your life essence.
You have superior vitality. (+4 MHP)


Message History

An orc priest, an orc wizard and an orc come into view.
The orc wizard shouts!
The orc shouts!
The orc wizard gestures wildly while chanting.
The orc wizard flickers and vanishes!
Deactivating autopickup; reactivate with Ctrl-A.
The orc priest invokes the aid of Beogh against you.
Beogh smites you!
* * * LOW HITPOINT WARNING * * *
The ball python attacks as it pursues you!
The ball python barely misses you. The ball python closely misses you.
The ball python completely misses you. The ball python closely misses you.
There is a stone staircase leading down here.
The ball python bites you but does no damage.
The ball python barely misses you.
You fly downwards.
Reactivating autopickup.
There is a stone staircase leading up here.
As you read the scroll of fear, it crumbles to dust.
You assume a fearsome visage.
The hound looks frightened!
The hound barks!
The ball python looks frightened!
You catch the helpless ball python completely off-guard!
You hit the ball python.
You kill the ball python!
Cornered, the hound turns to fight!
You see here a ball python corpse.
The hound stops to sniff the ground.
There is an escape hatch in the ceiling here.
Blink to where?
Press: ? - help, Dir - move target
As you read the scroll labelled PARILA MUITRIA, it crumbles to dust.
It was a scroll of blinking.
The hound barely misses you.
You fly upwards.
The orc hits you but does no damage. The orc hits you with a +0 whip.
* * * LOW HITPOINT WARNING * * *
There is a stone staircase leading down here.
Found a club.
The orc attacks as it pursues you! The orc hits you with a +0 dagger.
You die...

...# ... .. ...
#.# .# ...
#.#####.# ..#
###.....#.#...#
#.........#...
#.#.........#.#.
##.#.##..#......)
#..o).o.o@.# .
#......o.........
#..#.##.........#
#..#.##..#.#.#..#
#..#.....#.#.# .#
#..#.###.#.# # #
#..#.# #.#.#
..o... .....


You could see an orc priest and 3 orcs.

Vanquished Creatures
  An orc (D:4)
  A ball python (D:5)
2 creatures vanquished.

Notes
Turn   | Place    | Note
-------+----------+-------------------------------------------
     0 | D:5      | cforsyth the Djinni Delver began the quest for the Orb.
     0 | D:5      | Reached XP level 1. HP: 20/20 MP: 0/0
    42 | D:5      | Noticed a hound
    50 | D:4      | Noticed an orc priest
    50 | D:4      | Noticed an orc wizard
    50 | D:4      | HP: 1/20 [orc priest/divine providence (9)]
    65 | D:4      | HP: 1/20 [orc/+0 whip (4)]
    66 | D:4      | Slain by an orc

Illustrated notes

Levels and vault maps discovered:
D:4:      layout_basic, fiery_altar_vehumet, eat_drink_and_be_merry_uskayaw,
          serial_shops, shop, uniq_ijyb
D:5:      layout_loops_ring, grunt_decor_resistance, minmay_manual_moon

Action                     || total
---------------------------++-------
  Melee: Falchion          ||     3
    Use: Scroll            ||     2
   Stab: Fleeing           ||     1
 Armour: Leather armour    ||     6
  Dodge: Dodged            ||     6

Table legend: (Time is in decaauts)
 A = Elapsed time spent in this place.
 B = Non-inter-level travel time spent in this place.
 C = Inter-level travel time spent in this place.
 D = Time resting spent in this place.
 E = Time spent auto-exploring this place.
 F = Levels seen in this place.
 G = Mean time per level.
                   A        B        C        D        E       F      G
               +--------+--------+--------+--------+--------+-----+--------+
         Total |     67 |     67 |      0 |      0 |     33 |   2 |   33.5 |
       Dungeon |     67 |     67 |      0 |      0 |     33 |   2 |   33.5 |
               +--------+--------+--------+--------+--------+-----+--------+

Top non-repeatable levels by time:
     D:5: 51 daAuts
     D:4: 15 daAuts
